 Dungeon Crawl Stone Soup version 0.27.1-1-g398f81649c (webtiles) character file.

Game seed: 2873017499762113852

9039 ZARRMARR the Covert (level 11, -2/72 HPs)
             Began as an Octopode Venom Mage on Sept 7, 2021.
             Was a Believer of Sif Muna.
             Killed from afar by Jorgrun (65 damage)
             ... with an iron shot
             ... on level 13 of the Dungeon.
             The game lasted 01:48:51 (22187 turns).

ZARRMARR the Covert (Octopode Venom Mage)          Turns: 22187, Time: 01:48:53

Health: -2/72      AC:  1    Str:  2    XL:     11   Next: 40%
Magic:  19/20      EV: 15    Int: 36    God:    Sif Muna [**....]
Gold:   0          SH:  0    Dex: 12    Spells: 15/22 levels left

rFire    . . .     SeeInvis +   C - +5 short sword of Dismemberment {drain, +Rage rPois rCorr Int+6}
rCold    . . .     Faith    .   (no shield)
rNeg     . . .     Spirit   .   (helmet restricted)
rPois    +         Reflect  .   (no amulet)
rElec    .         Harm     .   a - ring of willpower
rCorr    +         Rampage  .   (no ring)
Will     ++...                  m - ring of willpower
Stlth    +++++.....             h - ring of Yendor {Str-5 Int+8 SInv}
HPRegen  0.22/turn              (no ring)
MPRegen  0.17/turn              (no ring)
                                (no ring)
                                (no ring)

@: no status effects
A: almost no armour, amphibious, 8 rings, camouflage 1, gelatinous body 1,
(nimble swimmer 1), tentacles
a: Renounce Religion, Evoke Berserk Rage, Channel Magic


You were on level 13 of the Dungeon.
You worshipped Sif Muna.
Sif Muna was pleased with you.
You visited 2 branches of the dungeon, and saw 15 of its levels.

You collected 608 gold pieces.
You spent 608 gold pieces at shops.

Inventory:

Hand Weapons
 C - the +5 short sword of Dismemberment (weapon) {drain, +Rage rPois rCorr Int+6}
   (You found it on level 10 of the Dungeon)

   A truly terrible weapon, it drains the life of any living foe it strikes.
   Int:       It affects your intelligence (+6).
   rPois:     It protects you from poison.
   +Rage:     It lets you go berserk.
   rCorr:     It protects you from acid and corrosion.
Missiles
 j - a throwing net (quivered)
 r - 5 javelins
 x - 2 silver boomerangs
Armour
 g - a +2 tower shield
Jewellery
 a - a ring of willpower (left tentacle)
 h - the ring of Yendor (on tentacle) {Str-5 Int+8 SInv}
   (You found it on level 6 of the Dungeon)

   [ring of see invisible]

   Str:       It affects your strength (-5).
   Int:       It affects your intelligence (+8).
   SInv:      It lets you see invisible.
 m - a ring of willpower (on tentacle)
Wands
 k - a wand of paralysis (17)
 o - a wand of acid (7)
 u - a wand of iceblast (9)
Scrolls
 f - a scroll of enchant armour {unknown}
 i - 3 scrolls of immolation
 l - 2 scrolls of silence
 n - 2 scrolls of torment
 s - a scroll of amnesia {unknown}
 w - a scroll of vulnerability {unknown}
 z - 2 scrolls of enchant weapon
Potions
 b - a potion of mutation
 d - a potion of magic
 e - a potion of haste
 p - 3 potions of lignification {unknown}
 q - 2 potions of curing {unknown}
 A - 2 potions of might
 B - a potion of attraction {unknown}
 E - 2 potions of berserk rage
 F - 2 potions of brilliance
 G - a potion of ambrosia
 H - a potion of cancellation
Miscellaneous
 D - a tin of tremorstones (2/2)


   Skills:
 + Level 6.2 Fighting
 + Level 2.8 Short Blades
 + Level 6.5 Dodging
 + Level 9.4 Stealth
 + Level 6.0 Spellcasting
 + Level 4.7 Conjurations
 - Level 4.0 Transmutations
 - Level 3.1 Fire Magic
 + Level 5.5 Air Magic
 + Level 8.5 Poison Magic
 + Level 3.5 Invocations


You had 15 spell levels left.
You knew the following spells:

 Your Spells              Type           Power      Damage    Failure   Level
a - Sting                 Tmut/Pois      100%       1d8       1%          1
b - Poisonous Vapours     Pois/Air       100%       N/A       1%          2
c - Foxfire               Conj/Fire      100%       2x1d9     1%          1
d - Mephitic Cloud        Conj/Pois/Air  54%        N/A       1%          3

Your spell library contained the following spells:

 Spells                   Type           Power      Damage    Failure   Level
 Wereblood                Tmut           40%        N/A       1%          2
 Conjure Flame            Conj/Fire      39%        6-21      1%          3
 Olgreb's Toxic Radiance  Pois           64%        N/A       1%          4
 Pain                     Necr           40%        1d6       3%          1
 Sublimation of Blood     Necr           5%         N/A       5%          2
 Inner Flame              Hex/Fire       22%        N/A       5%          3
 Gell's Gravitas          Tloc           5%         N/A       11%         3
 Lesser Beckoning         Tloc           5%         N/A       11%         3
 Teleport Other           Tloc           10%        N/A       11%         3
 Blade Hands              Tmut           20%        N/A       19%         5
 Agony                    Necr           10%        N/A       67%         5
 Excruciating Wounds      Necr           5%         N/A       67%         5
 Iron Shot                Conj/Erth      13%        9d3       90%         6
 Dispersal                Tloc           5%         N/A       99%         6
 Summon Hydra             Summ           5%         N/A       100%        7
 Disjunction              Tloc           5%         N/A       100%        8
 Animate Armour           Summ/Erth      Unusable   N/A       N/A         4

Dungeon Overview and Level Annotations

Branches:
Dungeon (14/15)            Temple (1/1) D:6            Lair (0/6) D:10
    Orc: D:9-12      Vaults: D:13-14

Altars:
Ashenzari
Cheibriados
Dithmenos
Elyvilon
Fedhas
Gozag
Hepliaklqana
Kikubaaqudgha
Makhleb
Nemelex Xobeh
Okawaru
Qazlal
Ru
Sif Muna
Trog
Uskayaw
Vehumet
Wu Jian
Xom
Yredelemnul
Zin
The Shining One

Shops:
D:1 (   D:12 !

Annotations:
D:7 exclusion: sky beast, Joseph, Maggie
D:11 exclusions: kobold demonologist and vampire mosquito
D:12 exclusion: boulder beetle
D:13 Jorgrun


Innate Abilities, Weirdness & Mutations

You cannot wear most types of armour.
You are amphibious.
You can wear up to eight rings at the same time.
Your skin changes colour to match your surroundings (Stealth+).
Your rubbery body absorbs attacks. (AC +1, EV +1)
((You are camouflaged near water. (Stealth+)))
You have tentacles for arms and can constrict up to eight enemies at once.


Message History

Press: ? - help, v - describe, . - travel
Here: Jorgrun, wielding a staff of earth and wearing a +0 robe The floor.
Unknown command.
Unknown command.
Press: ? - help, v - describe, . - travel
Here: Jorgrun, wielding a staff of earth and wearing a +0 robe The floor.
As you read the scroll of teleportation, it crumbles to dust.
You feel strangely unstable.
Jorgrun gestures at the rock wall while chanting.
You hear a grinding noise.
Found a stone staircase leading down.
Your surroundings suddenly seem different.
Jorgrun casts a spell at the rock wall.
You hear a grinding noise.
You hear a grinding noise.
You hear a grinding noise.
Throw: dart (curare)
Press: ? - help, Q - select action, (/) - cycle Shift-Dir - straight line, f - Jorgrun
Aim: Jorgrun, wielding a staff of earth and wearing a +0 robe (42% to hit)
You throw a curare-tipped dart. The curare-tipped dart hits Jorgrun.
Jorgrun is poisoned.
Jorgrun convulses.
Jorgrun seems to slow down.
Jorgrun is lightly wounded.
You hear a grinding noise.
Jorgrun gestures at you while chanting. You resist with almost no effort.
Some rock shatters into small pieces.
Casting: Mephitic Cloud (safe; 1% risk of failure)
Confirm with . or Enter, or press ? or * to list all spells.
You conjure some foxfire!
Jorgrun is no longer moving slowly.
The foxfire hits Jorgrun.
Jorgrun is lightly wounded.
The foxfire hits Jorgrun.
Jorgrun is lightly wounded.
Jorgrun gestures at you while chanting. The iron shot hits you!!!
Ouch! That really hurt!
You die...

#.# .# ..# .#
##.#.# .# #..# .#
># ##.# #g# .#
#..####..## .##
#....##.#g##..##..
####.##.#........#
#.....@§.#
####.#§### #.#.#
#.#.# ###.# #.#
###


You could see Jorgrun (poisoned).

Vanquished Creatures
  2 boulder beetles
  An ugly thing (D:11)
  A kobold demonologist (D:9)
  2 komodo dragons (D:10)
  A troll (D:13)
  4 slime creatures (D:12)
  3 yaks (D:10)
  A basilisk (D:12)
  A steam dragon (D:7)
  2 vampire mosquitoes
  A water moccasin (D:7)
  4 orc warriors
  An ice beast (D:6)
  3 sky beasts
  A necrophage (D:6)
  2 ogres
  5 centaurs
  A kobold brigand (D:7)
  5 bullfrogs
  6 scorpions
  A water moccasin zombie (D:6)
  3 howler monkeys
  5 centaur zombies
  A jelly (D:6)
  4 bullfrog skeletons
  A centaur skeleton (D:5)
  A hound (D:6)
  3 gnoll shamans
  12 orc priests
  3 iguanas
  16 orc wizards
  A hound zombie (D:5)
  6 adders
  23 gnolls
  2 river rats (D:10)
  A shadow imp (D:6)
  A white imp (D:5)
  52 orcs
  2 endoplasms
  2 giant cockroaches
  3 goblins
  8 jackals
  3 quokkas
  8 ball pythons
  6 bats
  3 frilled lizards (D:1)
  6 kobolds
  2 rats
226 creatures vanquished.

Vanquished Creatures (collateral kills)
  A foxfire (D:10)
1 creature vanquished.

Vanquished Creatures (others)
  297 foxfires
  2 plants (D:10)
299 creatures vanquished.

Grand Total: 526 creatures vanquished

Notes
Turn   | Place    | Note
-------+----------+-------------------------------------------
     0 | D:1      | ZARRMARR the Octopode Venom Mage began the quest for the
                  | Orb.
     0 | D:1      | Reached XP level 1. HP: 11/11 MP: 3/3
   764 | D:1      | Reached XP level 2. HP: 17/17 MP: 3/5
   860 | D:1      | Found Ophymann's Weapon Shoppe.
   991 | D:1      | Found a faded altar of an unknown god.
  1069 | D:2      | Learned a level 2 spell: Poisonous Vapours
  1074 | D:2      | Reached skill level 3 in Stealth
  1396 | D:2      | Reached XP level 3. HP: 16/22 MP: 0/6
  1721 | D:2      | Found a white marble altar of Elyvilon.
  2211 | D:3      | Found a shadowy altar of Dithmenos.
  2455 | D:3      | Reached skill level 1 in Fighting
  2631 | D:3      | Reached XP level 4. HP: 21/28 MP: 0/7
  3420 | D:3      | Reached XP level 5. HP: 20/33 MP: 1/8
  3651 | D:3      | Found a bloodstained altar of Trog.
  4137 | D:4      | Reached skill level 4 in Stealth
  5189 | D:4      | Reached XP level 6. HP: 24/39 MP: 1/10
  5460 | D:4      | Found a white marble altar of Elyvilon.
  6227 | D:5      | Entered Level 5 of the Dungeon
  6854 | D:4      | Learned a level 1 spell: Foxfire
  6961 | D:5      | Reached skill level 5 in Poison Magic
  6961 | D:5      | Reached XP level 7. HP: 45/45 MP: 2/11
  7148 | D:5      | Reached skill level 5 in Stealth
  7572 | D:5      | Reached skill level 1 in Conjurations
  7572 | D:5      | Reached skill level 1 in Fire Magic
  7572 | D:5      | Reached skill level 1 in Air Magic
  8169 | D:5      | Reached XP level 8. HP: 34/51 MP: 6/13
 10060 | D:6      | Reached skill level 6 in Stealth
 10372 | D:6      | Found a staircase to the Ecumenical Temple.
 11153 | D:6      | Reached XP level 9. HP: 58/58 MP: 12/15
 11178 | D:6      | Identified the ring of Yendor {Str-5 Int+8 SInv}
 11190 | Temple   | Entered the Ecumenical Temple
 11408 | Temple   | Became a worshipper of Sif Muna the Loreminder
 11895 | D:7      | Noticed Joseph
 12861 | D:7      | Found a broken altar of Ashenzari.
 13077 | D:7      | Noticed Maggie
 13343 | D:7      | Reached skill level 7 in Stealth
 13724 | D:7      | Found a burning altar of Makhleb.
 13724 | D:7      | Noticed an Executioner
 14014 | D:7      | Reached skill level 5 in Dodging
 14177 | D:7      | Reached * piety under Sif Muna
 14884 | D:8      | Found an ornate altar of the Wu Jian Council.
 15997 | D:8      | Reached XP level 10. HP: 28/65 MP: 11/17
 16671 | D:9      | Reached skill level 5 in Spellcasting
 16927 | D:9      | Reached skill level 5 in Fighting
 17094 | D:9      | Noticed a kobold demonologist
 17396 | D:9      | Killed a kobold demonologist
 17397 | D:9      | Reached skill level 8 in Stealth
 17956 | D:10     | Entered Level 10 of the Dungeon
 17974 | D:9      | Reached skill level 1 in Invocations
 18273 | D:10     | Identified the +5 short sword of Dismemberment {drain,
                  | +Rage rPois rCorr Int+6}
 18283 | D:10     | Learned a level 3 spell: Mephitic Cloud
 18771 | D:10     | Reached skill level 1 in Short Blades
 19364 | D:8      | Found a hide-covered altar of Uskayaw.
 19835 | D:10     | Found a staircase to the Lair.
 20038 | D:10     | Reached skill level 5 in Air Magic
 20114 | D:10     | Noticed a cane toad
 20308 | D:11     | Noticed a kobold demonologist
 20393 | D:11     | Noticed a boulder beetle
 20397 | D:11     | Noticed a two-headed ogre
 20436 | D:11     | Noticed a red ugly thing
 20446 | D:11     | Killed a red ugly thing
 20447 | D:11     | Reached XP level 11. HP: 42/72 MP: 19/19
 20639 | D:11     | Killed a boulder beetle
 20640 | D:11     | Reached skill level 9 in Stealth
 20975 | D:12     | Reached ** piety under Sif Muna
 21181 | D:12     | Found Hamnim's Distillery.
 21545 | D:12     | Noticed a boulder beetle
 21659 | D:12     | Bought a potion of berserk rage for 80 gold pieces
 21659 | D:12     | Bought a potion of berserk rage for 80 gold pieces
 21659 | D:12     | Bought a potion of brilliance for 64 gold pieces
 21659 | D:12     | Bought a potion of ambrosia for 128 gold pieces
 21659 | D:12     | Bought a potion of cancellation for 128 gold pieces
 21659 | D:12     | Bought a potion of brilliance for 64 gold pieces
 21659 | D:12     | Bought a potion of might for 64 gold pieces
 21692 | D:12     | Noticed a manticore
 21806 | D:13     | Noticed a boulder beetle
 21823 | D:13     | Killed a boulder beetle
 21827 | D:13     | Noticed Jorgrun
 22146 | D:14     | Noticed a centaur warrior
 22187 | D:13     | Killed from afar by Jorgrun

Illustrated notes

Levels and vault maps discovered:
D:1:      psy_arrival_whirlpool, layout_basic, serial_shops, shop,
          chequers_ecumenical_altar_simple_redux
D:2:      layout_loops_ring, basic_altar
D:3:      layout_basic, mainiacjoe_overflow_paths, mainiacjoe_overflow_alcove_2
D:4:      cheibrodos_pilgrimage, layout_basic,
          mainiacjoe_overflow_small_starburst
D:5:      layout_rooms
D:6:      layout_basic, minmay_temple_entry_proselytizer
D:7:      layout_basic, makhleb_altar_promises_db, nicolae_ashenzari_panopticon,
          serial_aquarium, aquarium_bridge_square [aquarium_subvault_wall,
          aquarium_subvault_wall, aquarium_subvault_bridge,
          aquarium_subvault_window], aquarium_window_fake, aquarium_window_1,
          aquarium_view_2e, aquarium_balcony_3b, uniq_maggie, uniq_joseph
D:8:      layout_cave_pools, mainiacjoe_overflow_tiny_flanked,
          nicolae_overflow_hidden_temple
D:9:      layout_gridville
D:10:     layout_irregular_city, david_lair_shrubbed, pond
D:11:     layout_cave_pods, nemelex_lonely_heart_becter
D:12:     minmay_angry_zag, layout_loops_cross, david_orc_4, serial_shops, shop,
          hangedman_abyss_or_decor_stagger
D:13:     layout_rooms, grunt_vaults_entry_tiered, uniq_jorgrun
D:14:     layout_loops_ring
Temple:   regret_index_temple_generic_petals

Skill      XL: |  1  2  3  4  5  6  7  8  9 10 11 |
---------------+----------------------------------+-----
Stealth        | 3 4 5 6 7 8 9 |  9.4
Poison Magic   | 4 5 6 7 8 |  8.5
Fighting       | 1 2 3 4 5 6 |  6.2
Transmutations | 2 3 4 |  4.0
Dodging        | 3 4 5 6 |  6.5
Spellcasting   | 3 4 5 6 |  6.0
Conjurations   | 1 2 3 4 |  4.7
Fire Magic     | 1 2 3 |  3.1
Air Magic      | 1 2 4 5 |  5.5
Invocations    | 2 3 |  3.5
Short Blades   | 2 |  2.8

Action                   |  1- 3 |  4- 6 |  7- 9 | 10-12 || total
-------------------------+-------+-------+-------+-------++-------
Melee: Unarmed           |    34 |       |       |       ||    34
       Constrict         |    10 |     5 |    26 |     6 ||    47
       Tentacles         |     1 |     2 |    18 |    11 ||    32
       Whip              |       |    21 |    75 |       ||    96
       Dagger            |       |       |    35 |     4 ||    39
       Short sword       |       |       |       |    74 ||    74
Throw: Dart              |       |       |     1 |     1 ||     2
       Javelin           |       |       |       |     1 ||     1
       Boomerang         |       |       |       |     1 ||     1
 Cast: Sting             |    37 |    50 |    87 |    21 ||   195
       Poisonous Vapours |    30 |    73 |   136 |    62 ||   301
       Foxfire           |       |       |    72 |    94 ||   166
       Mephitic Cloud    |       |       |       |     9 ||     9
Evoke: Wand              |       |       |     4 |     9 ||    13
  Use: Scroll            |     4 |     1 |     5 |    10 ||    20
       Potion            |       |       |     1 |       ||     1
 Stab: Confused          |       |       |       |     1 ||     1
       Paralysed         |       |       |       |     3 ||     3
       Distracted        |       |       |       |     1 ||     1
Armor: Skin              |     3 |     1 |     6 |     2 ||    12
Dodge: Dodged            |    39 |    26 |   119 |    78 ||   262
